 Dungeon Crawl Stone Soup version 0.29.1-1-gd02db6906a (webtiles) character file.

Game seed: 7704237483818321208

749 H0rd4k the Sneak (level 7, -6/45 HPs)
             Began as an Octopode Transmuter on Oct 17, 2022.
             Mangled by an ice beast (13 damage)
             ... on level 6 of the Dungeon.
             The game lasted 00:02:55 (4807 turns).

H0rd4k the Sneak (Octopode Transmuter)              Turns: 4807, Time: 00:02:55

Health: -6/45      AC:  1    Str:  9    XL:     7   Next: 77%
Magic:  10/10      EV: 14    Int: 18    God:
Gold:   234        SH:  0    Dex: 12    Spells: 10/11 levels left

rFire   . . .      SeeInvis +   s - +2 dagger (venom)
rCold   . . .      Faith    .   (no shield)
rNeg    . . .      Spirit   .   (helmet restricted)
rPois   .          Reflect  .   (no amulet)
rElec   .          Harm     .   x - ring of see invisible
rCorr   .          Rampage  .   (no ring)
Will    .....                   (no ring)
Stlth   ++++......              (no ring)
HPRegen 0.15/turn               (no ring)
MPRegen 0.12/turn               (no ring)
                                (no ring)
                                (no ring)

@: no status effects
A: almost no armour, amphibious, 8 rings, camouflage 1, gelatinous body 1,
(nimble swimmer 1), tentacles
a: no special abilities


You were on level 6 of the Dungeon.
You visited 1 branch of the dungeon, and saw 6 of its levels.

You collected 234 gold pieces.

Inventory:

Hand Weapons
 d - a +2 dagger of draining
 s - a +2 dagger of venom (weapon)
Missiles
 m - 11 poisoned darts
Jewellery
 l - an amulet of faith
 x - a ring of see invisible (left tentacle)
Wands
 o - a wand of iceblast (15)
Scrolls
 b - a scroll of teleportation {unknown}
 f - a scroll of identify {unknown}
 p - a scroll of noise {unknown}
 q - 3 scrolls of acquirement {unknown}
 r - 2 scrolls of butterflies {unknown}
 u - a scroll of enchant weapon {unknown}
Potions
 a - 2 potions of lignification
 c - 6 potions of mutation {unknown}
 e - 3 potions of ambrosia {unknown}
 g - 5 potions of curing {unknown}
 h - a potion of attraction {unknown}
 i - a potion of heal wounds {unknown}
 j - a potion of cancellation {unknown}
 k - 2 potions of might {unknown}
 n - 2 potions of berserk rage {unknown}
 t - a potion of brilliance {unknown}
 v - a potion of haste {unknown}
 w - 2 potions of degeneration {unknown}


   Skills:
 + Level 2.8 Fighting
 + Level 3.7 Short Blades
 + Level 3.7 Dodging
 + Level 6.6 Stealth
 + Level 4.0 Unarmed Combat
 + Level 2.5 Spellcasting
 + Level 2.0 Transmutations
 + Level 0.2 Evocations


You had 10 spell levels left.
You knew the following spells:

 Your Spells              Type           Power      Damage    Failure   Level
a - Beastly Appendage     Tmut           18%        N/A       8%          1

Your spell library contained the following spells:

 Spells                   Type           Power      Damage    Failure   Level
 Wereblood                Tmut           9%         N/A       11%         2
 Spider Form              Tmut/Pois      6%         N/A       32%         3
 Ice Form                 Ice/Tmut       6%         N/A       73%         4


Dungeon Overview and Level Annotations

Branches:
Dungeon (6/15)
 Temple: D:4-7

Altars:

Shops:
D:2 *   D:5 !


Innate Abilities, Weirdness & Mutations

You cannot wear most types of armour.
You are amphibious.
You can wear up to eight rings at the same time.
Your skin changes colour to match your surroundings (Stealth+).
Your rubbery body absorbs attacks. (AC +1, EV +1)
((You are camouflaged when in or above water. (Stealth+)))
You have tentacles for arms and can constrict up to eight enemies at once.


Message History

You constrict the wight, but do no damage.
The wight hits you with a +0 falchion.
You barely miss the wight.
The wight is heavily damaged.
You constrict the wight. The wight hits you with a +0 falchion!
You hit the wight.
The wight is severely damaged.
You constrict the wight. You hit the wight.
You destroy the wight!
Your life force feels restored.
You hit the ice beast but do no damage.
You squeeze the ice beast, but do no damage.
The ice beast closely misses you.
You hit the ice beast.
You tentacle-slap the ice beast, but do no damage.
The ice beast is lightly wounded.
The ice beast barely misses you.
You hit the ice beast.
Your tentacle-slap misses the ice beast.
You squeeze the ice beast, but do no damage.
The ice beast is lightly wounded.
The ice beast hits you. The ice beast freezes you!
* * * LOW HITPOINT WARNING * * *
A wight comes into view. It is wielding a +0 mace.
You hit the ice beast but do no damage.
The ice beast is lightly wounded.
The ice beast misses you.
You hit the ice beast.
The ice beast is moderately wounded.
You hit the ice beast. Your squeeze misses the ice beast.
The ice beast is heavily wounded.
The ice beast misses you.
A wight comes into view.
It is wielding a +4 halberd of freezing.
You barely miss the ice beast. You squeeze the ice beast.
The ice beast is heavily wounded.
The ice beast hits you.
* * * LOW HITPOINT WARNING * * *
The ice beast freezes you!
You die...

###..................
##.......z........Y
###....)..........
#..#<..z#.......
#..#..#.........
#..#..##........
#.....##.#.(....
..s.#.##Y# .....
.....#.##@# ##.#
.....#.##.# .
....##..#.# #........
......### ....#..#
....###.# .#.#.# ...
#.....# ##.


You could see an ice beast and 2 wights.

Vanquished Creatures
  A water moccasin (D:5)
  2 black bears (D:4)
  An ogre (D:3)
  A bullfrog (D:4)
  2 wights (D:6)
  A hound (D:4)
  2 jellies
  An iguana (D:6)
  A gnoll (D:6)
  2 adders (D:3)
  A worm (D:3)
  3 dart slugs
  An orc (D:3)
  7 bats
  4 endoplasms
  2 giant cockroaches
  3 goblins
  6 hobgoblins
  4 jackals
  3 quokkas
  7 ball pythons
  3 frilled lizards
  5 kobolds
  5 rats
68 creatures vanquished.

Notes
Turn   | Place    | Note
-------+----------+-------------------------------------------
     0 | D:1      | H0rd4k the Octopode Transmuter began the quest for the Orb.
     0 | D:1      | Reached XP level 1. HP: 13/13 MP: 3/3
   197 | D:1      | Reached XP level 2. HP: 3/18 MP: 5/5
  1150 | D:2      | Reached XP level 3. HP: 23/23 MP: 6/6
  1252 | D:2      | Found Muyhux's General Store.
  1346 | D:2      | Found a faded altar of an unknown god.
  1872 | D:3      | Reached skill level 1 in Stealth
  2547 | D:3      | Noticed an ogre
  2561 | D:3      | Killed an ogre
  2562 | D:3      | Reached skill level 1 in Short Blades
  2562 | D:3      | Reached skill level 2 in Stealth
  2562 | D:3      | Reached XP level 4. HP: 28/28 MP: 7/7
  2562 | D:3      | Reached XP level 5. HP: 33/33 MP: 8/8
  2924 | D:3      | Reached skill level 3 in Stealth
  3432 | D:4      | Reached skill level 4 in Stealth
  3432 | D:4      | Reached XP level 6. HP: 34/39 MP: 9/9
  3734 | D:4      | Noticed a black bear
  3743 | D:4      | HP: 1/39 [black bear (6)]
  3744 | D:4      | Killed a black bear
  4143 | D:4      | Noticed a black bear
  4153 | D:4      | Killed a black bear
  4154 | D:4      | Reached skill level 5 in Stealth
  4154 | D:4      | Reached XP level 7. HP: 11/45 MP: 10/10
  4633 | D:5      | Entered Level 5 of the Dungeon
  4633 | D:5      | Found Tesac's Distillery.
  4787 | D:6      | Reached skill level 6 in Stealth
  4807 | D:6      | Mangled by an ice beast

Illustrated notes

Levels and vault maps discovered:
D:1:      dpeg_arrival_orchard, layout_basic, grunt_decor_one_mirror
D:2:      layout_loops_cross, serial_shops, shop_statue,
          shapermc_ecumenical_altar_starsandcircs
D:3:      layout_loops_corners
D:4:      layout_loops_corners
D:5:      layout_rooms, serial_shops, nicolae_shop_overgrown_old_shop,
          nicolae_shop_hallway_stairs, grunt_ministairs_15, sword_in_stone,
          uniq_blork_the_orc, uniq_ijyb
D:6:      layout_rooms, grunt_temple_overflow_cloverleaf

Skill      XL: |  1  2  3  4  5  6  7 |
---------------+----------------------+-----
Stealth        | 2 4 5 6 |  6.6
Short Blades   | 1 2 3 |  3.7
Unarmed Combat | 4 |  4.0
Dodging        | 3 |  3.7
Fighting       | 2 |  2.8
Spellcasting   | |  2.5
Transmutations | |  2.0
Evocations     | |  0.2

Action                   |  1- 3 |  4- 6 |  7- 9 || total
-------------------------+-------+-------+-------++-------
Melee: Unarmed           |    33 |       |       ||    33
       Constrict         |    16 |    10 |     5 ||    31
       Tentacles         |    11 |    13 |     8 ||    32
       Punch             |     3 |     2 |     1 ||     6
       Dagger            |    48 |    49 |    29 ||   126
Evoke: Wand              |       |       |     5 ||     5
 Stab: Sleeping          |     6 |     6 |     1 ||    13
       Distracted        |       |     1 |       ||     1
Armor: Skin              |    10 |     1 |       ||    11
Dodge: Dodged            |    59 |    40 |    16 ||   115
